 Seeded DCSS version 0.28.0-53-g5a82cb258f (webtiles) character file.

Game seed: 11376294231417828559 (custom seed)

61 purpskrrrp the Covered (level 3, -3/33 HPs)
             Began as a Minotaur Fighter on June 23, 2022.
             Slain by a gnoll
             ... wielding a +0 spear
              (7 damage)
             ... on level 2 of the Dungeon.
             The game lasted 00:03:12 (1310 turns).

purpskrrrp the Covered (Minotaur Fighter)           Turns: 1310, Time: 00:03:13

Health: -3/33      AC:  7    Str: 22    XL:     3   Next: 83%
Magic:  2/2        EV:  9    Int:  5    God:
Gold:   48         SH:  0    Dex:  9    Spells: 2/2 levels left

rFire   x . .      SeeInvis .   a - +0 long sword
rCold   + . .      Faith    .   e - orb {*Rage}
rNeg    . . .      Spirit   .   b - +0 scale mail
rPois   .          Reflect  .   (helmet restricted)
rElec   .          Harm     .   (no cloak)
rCorr   .          Rampage  .   (no gloves)
Will    .....      Rage     20% (no boots)
Stlth   ..........              (no amulet)
HPRegen 0.11/turn               f - ring of ice
MPRegen 0.08/turn               (no ring)

@: no status effects
A: horns 2, retaliatory headbutt
a: no special abilities


You were on level 2 of the Dungeon.
You visited 1 branch of the dungeon, and saw 2 of its levels.

You collected 48 gold pieces.

Inventory:

Hand Weapons
 a - a +0 long sword (weapon)
Armour
 b - a +0 scale mail (worn)
 c - a +0 buckler
 e - an orb of wrath (worn)
Jewellery
 f - a ring of ice (left hand)
Scrolls
 g - a scroll of teleportation {unknown}
 h - a scroll of holy word {unknown}
 i - a scroll of identify {unknown}
Potions
 d - a potion of might


   Skills:
 + Level 4.1 Fighting
 + Level 3.7 Long Blades
 + Level 4.2 Armour
 + Level 4.1 Shields


You had 2 spell levels left.
You didn't know any spells.
Your spell library was empty.

Dungeon Overview and Level Annotations

Branches:
Dungeon (2/15)

Altars:
Trog


Innate Abilities, Weirdness & Mutations

You have a pair of horns on your head.
You reflexively headbutt those who attack you in melee.


Message History

The gnoll hits you from afar with a +0 spear.
The gnoll barely misses you. The adder barely misses you.
The ball python hisses angrily.
You hit the adder but do no damage. Your headbutt misses the adder.
The adder is moderately wounded.
The gnoll closely misses you. The gnoll barely misses you.
The adder bites you but does no damage.
The endoplasm hits you but does no damage.
The gnoll hits you but does no damage. The gnoll barely misses you. x2
The endoplasm hits you but does no damage.
The gnoll closely misses you. The gnoll barely misses you. The adder bites you.
The gnoll closely misses you. The gnoll closely misses you.
The gnoll hits you but does no damage. The ball python closely misses you.
The ball python barely misses you.
You see here a scroll labelled XIFOWA PEPSA.
The endoplasm enters a dispersal trap!
The adder blinks!
The ball python blinks! x2; The gnoll blinks! x3; The adder blinks!
You blink.
A rat comes into view.
Found a scroll labelled ZEMINWU GIRUZXOSI.
You recover from your berserk rage.
You barely miss the ball python. You headbutt the ball python.
You kill the ball python!
The gnoll hits you from afar with a +0 spear.
The gnoll hits you with a +0 spear.
You see here a ball python corpse.
You slash the gnoll! Your headbutt misses the gnoll.
The gnoll is severely wounded.
The gnoll hits you but does no damage.
You barely miss the gnoll.
The gnoll is severely wounded.
The gnoll barely misses you.
You closely miss the gnoll.
The gnoll is severely wounded.
The gnoll closely misses you.
You barely miss the gnoll. You headbutt the gnoll.
The gnoll is almost dead.
The gnoll hits you with a +0 spear.
* * * LOW HITPOINT WARNING * * *
The gnoll hits you from afar with a +0 spear!
You die...

########..
############.........
.......@†gJrg........
.##########g.........
... #.......... ....
##....?....
....#####J#####... #
........§..# ... ..
..[......?^## .. .....
...g........#
....####...g..§§§.###..


You could see 3 gnolls, an endoplasm and a rat.

Vanquished Creatures
  A gnoll (D:2)
  A worm (D:2)
  A dart slug (D:2)
  4 endoplasms
  3 giant cockroaches
  A goblin (D:2)
  8 hobgoblins
  3 quokkas (D:1)
  6 ball pythons
  2 bats (D:2)
  4 frilled lizards (D:1)
  5 kobolds
  6 rats
45 creatures vanquished.

Notes
Turn   | Place    | Note
-------+----------+-------------------------------------------
     0 | D:1      | purpskrrrp the Minotaur Fighter began the quest for the
                  | Orb.
     0 | D:1      | Reached XP level 1. HP: 19/19 MP: 0/0
   206 | D:1      | Reached XP level 2. HP: 22/27 MP: 1/1
   830 | D:1      | Found a faded altar of an unknown god.
  1087 | D:1      | Reached XP level 3. HP: 33/33 MP: 2/2
  1149 | D:1      | Found a bloodstained altar of Trog.
  1310 | D:2      | Slain by a gnoll

Illustrated notes

Levels and vault maps discovered:
D:1:      dpeg_arrival_water_altar, layout_loops_ring,
          dreamdust_ecumenical_altar_hidden_monk_grotto
D:2:      layout_basic, minmay_pentomino_pile

Skill      XL: |  1  2  3 |
---------------+----------+-----
Fighting       | 4 |  4.1
Shields        | 4 |  4.1
Armour         | 4 |  4.2
Long Blades    | 3 |  3.7

Action                   || total
-------------------------++-------
Melee: Long sword        ||    90
       Headbutt          ||    13
Armor: Scale mail        ||    53
Dodge: Dodged            ||    54
